 Dungeon Crawl Stone Soup version 0.31.0-32-g396128a36d (webtiles) character file.

Game seed: 13606184056415181567

1149 mainiacjoe the Covert (level 8, -6/52 (54) HPs)
             Began as an Octopode Delver on Apr 5, 2024.
             Was a Follower of Vehumet.
             Mangled by a wight
             ... wielding a +4 falchion of freezing
              (7 damage)
             ... on level 6 of the Dungeon.
             The game lasted 00:11:57 (5430 turns).

mainiacjoe the Covert (Octopode Delver)             Turns: 5430, Time: 00:11:58

HP:   -6/52 (54)    AC:  1    Str: 11    XL:     8   Next: 38%
MP:   12/12         EV: 14    Int: 16    God:    Vehumet [*.....]
Gold: 104           SH:  0    Dex: 15    Spells: 12/13 levels left

rFire   . . .        b - +0 arbalest
rCold   + . .        (shield currently unavailable)
rNeg    . . .        (helmet restricted)
rPois   .            h - amulet of the acrobat
rElec   .            k - ring of resist corrosion
rCorr   +            p - ring of Tocotib {Wiz +Blink rC+ Int+3}
SInv    .            w - ring of wizardry
Will    .....        (no ring)
Stlth   +++++        (no ring)
HPRegen 0.28/turn    (no ring)
MPRegen 0.13/turn    (no ring)
                     (no ring)

%: acrobat, wizardry (x2)
@: about to teleport, lightly drained
A: almost no armour, amphibious, 8 rings, camouflage 1, gelatinous body 1,
(nimble swimmer 1), tentacles
a: Renounce Religion, Evoke Blink


You were on level 6 of the Dungeon.
You worshipped Vehumet.
Vehumet was aware of your devotion.
You visited 2 branches of the dungeon, and saw 7 of its levels.

You collected 299 gold pieces.
You spent 195 gold pieces at shops.

Inventory:

Hand Weapons
 b - a +0 arbalest (weapon)
 j - a +2 vampiric short sword
Missiles
 f - 6 boomerangs
 i - 45 stones
 v - a throwing net {=F}
Jewellery
 h - an amulet of the acrobat (around mantle)
 k - a ring of resist corrosion (left tentacle)
 n - a ring of ice
 p - the ring of Tocotib (right tentacle) {Wiz +Blink rC+ Int+3}
   (You acquired it on level 2 of the Dungeon)

   [ring of wizardry]

   Wiz:       It improves your spell success rate.
   Int+3:     It affects your intelligence (+3).
   rC+:       It protects you from cold.
   +Blink:    It lets you blink.
 w - a ring of wizardry (on tentacle)
Wands
 e - a wand of digging (8)
 g - a wand of charming (8)
 m - a wand of mindburst (18)
Scrolls
 a - a scroll of fog
 c - 2 scrolls of fear
 q - a scroll of revelation
 s - a scroll of teleportation
Potions
 d - a potion of haste
 l - 3 potions of brilliance
 o - a potion of mutation
 r - a potion of heal wounds
 u - a potion of attraction
 x - 3 potions of curing
 z - a potion of might {unknown}
 A - a potion of lignification {unknown}


   Skills:
 - Level 3.7 Fighting
 - Level 3.0 Dodging
 - Level 10.0 Stealth
 - Level 5.0 Unarmed Combat
 - Level 3.0 Spellcasting
 - Level 4.0 Conjurations
 + Level 1.5 Evocations


You had 12 spell levels left.
You knew the following spells:

 Your Spells              Type           Power      Damage    Failure   Level
a - Foxfire               Conj/Fire      32%        2x1d5     2%          1

Your spell library contained the following spells:

 Spells                   Type           Power      Damage    Failure   Level


Dungeon Overview and Level Annotations

Branches:
Dungeon (6/15)             Temple (1/1) D:5

Altars:
Ashenzari
Elyvilon
Fedhas
Gozag
Kikubaaqudgha
Makhleb
Okawaru
Qazlal
Ru
Sif Muna
Uskayaw
Vehumet
Xom
Yredelemnul
Zin
The Shining One

Shops:
D:1 =*   D:3 *

Annotations:
D:3 1 runed translucent door, Crazy Yiuf


Innate Abilities, Weirdness & Mutations

You cannot wear most types of armour.
You are amphibious.
You can wear up to eight rings at the same time.
Your skin changes colour to match your surroundings (Stealth+).
Your rubbery body absorbs attacks. (AC +1, EV +1)
((You are camouflaged when in or above water. (Stealth+)))
You have tentacles for arms and can constrict up to eight enemies at once.


Message History

You now have enough gold to buy a scroll of blinking on D:3, or buy a scroll of enchant armour on D:3.
You can access your shopping list by pressing '$'.
You now have 104 gold pieces (gained 15).
A wight comes into view. It is wielding a +0 flail.
b - a +0 arbalest (weapon)
You shoot a bolt. The bolt hits the wight!
The wight is heavily damaged.
You shoot a bolt. The bolt hits the wight!
The wight is almost destroyed.
A wight comes into view.
It is wielding a +4 falchion of freezing.
Casting: Foxfire (safe; 2% risk of failure)
Confirm with . or Enter, or press ? or * to list all spells.
You conjure some foxfire!
The wight hits you with a +0 flail!
You feel drained.
A wight comes into view. It is wielding a +3 mace.
You shoot a bolt. The bolt hits the wight.
You destroy the wight!
Vehumet accepts your kill.
The foxfire hits the wight.
The wight is lightly damaged.
The foxfire hits the wight but does no damage.
The wight is lightly damaged.
Your life force feels restored.
Your Evocations skill increases to level 1!
You shoot a bolt. The bolt completely misses the wight.
You shoot a bolt.
The bolt hits the wight but does no damage.
The wight is lightly damaged.
The wight misses you.
You shoot a bolt. The bolt hits the wight.
The wight is moderately damaged.
The wight hits you with a +4 falchion of freezing!
The wight freezes you.
The wight hits you with a +4 falchion of freezing.
You feel drained. The wight hits you with a +3 mace!
* * * LOW HITPOINT WARNING * * *
As you read the scroll of teleportation, it crumbles to dust.
You feel strangely unstable. The wight hits you with a +3 mace!
* * * LOW HITPOINT WARNING * * *
The wight hits you with a +4 falchion of freezing!
You die...

#.....##.#######.#
#.##.###.# #####.#
#.##.# #.# #.....#
#.##+# #.# #.##..#
#.. ..# #.##..#
##. ### #.....# .
#....##
...###....########
...'..z@..........
...###z...########
. ##..## #.## #.#
##' ####.### #...
..##.#.## #..#
#.##..#.#
####..###
#.####.##


You could see 2 wights.

Vanquished Creatures
  Grinder (D:5)
  A water moccasin (D:5)
  An ice beast (D:5)
  2 ogres
  2 scorpions
  A wight (D:6)
  A hound (D:6)
  2 jellies (D:5)
  3 orc priests
  A sleepcap (D:5)
  An orc wizard (D:5)
  8 adders
  2 ufetubi
  3 ribbon worms
  4 dart slugs
  12 orcs
  4 ball pythons
  8 endoplasms
  3 giant cockroaches
  6 goblins
  3 hobgoblins
  5 jackals
  8 quokkas
  6 bats
  5 frilled lizards
  5 kobolds
  3 rats
101 creatures vanquished.

Vanquished Creatures (others)
  9 foxfires (D:6)
9 creatures vanquished.

Grand Total: 110 creatures vanquished

Notes
Turn   | Place    | Note
-------+----------+-------------------------------------------
     0 | D:5      | mainiacjoe the Octopode Delver began the quest for the Orb.
     0 | D:5      | Reached XP level 1. HP: 16/16 MP: 1/1
    32 | D:6      | Noticed a quasit
    32 | D:6      | Noticed a quasit
   266 | D:1      | Reached XP level 2. HP: 17/21 MP: 2/2
   503 | D:1      | Reached XP level 3. HP: 25/26 MP: 3/3
   563 | D:1      | Reached skill level 7 in Stealth
   665 | D:1      | Found Ukavor's General Store.
   668 | D:1      | Bought a scroll of identify for 26 gold pieces
   668 | D:1      | Bought a scroll of identify for 26 gold pieces
   894 | D:1      | Found Joirr's Jewellery Emporium.
  1260 | D:2      | Reached XP level 4. HP: 30/31 MP: 4/4
  1766 | D:2      | Identified a scroll of acquirement
  1766 | D:2      | Acquired the ring of Tocotib {Wiz +Blink rC+ Int+3}
  1850 | D:3      | Found a basalt altar of Yredelemnul.
  2065 | D:3      | Found Mainyguq's General Store.
  2076 | D:3      | Bought a potion of heal wounds for 65 gold pieces
  2076 | D:3      | Bought a scroll of teleportation for 39 gold pieces
  2105 | D:3      | Found a radiant altar of Vehumet.
  2380 | D:1      | Bought a throwing net for 39 gold pieces
  2503 | D:3      | Found a runed translucent door.
  2504 | D:3      | Noticed Crazy Yiuf
  2644 | D:3      | Noticed an ice beast
  2699 | D:3      | Found a faded altar of an unknown god.
  2935 | D:3      | Became a worshipper of Vehumet
  2962 | D:4      | Noticed an ogre
  2964 | D:4      | Noticed a scorpion
  2976 | D:3      | Killed a scorpion
  2977 | D:3      | Reached XP level 5. HP: 36/37 MP: 4/6
  3013 | D:4      | Reached skill level 1 in Spellcasting
  3214 | D:4      | Killed an ogre
  3215 | D:4      | Reached skill level 8 in Stealth
  3215 | D:4      | Reached XP level 6. HP: 43/43 MP: 6/8
  3364 | D:4      | Found a hide-covered altar of Uskayaw.
  3848 | D:5      | Noticed a water moccasin
  3921 | D:5      | Killed a water moccasin
  3922 | D:5      | Reached XP level 7. HP: 27/47 MP: 10/10
  4031 | D:5      | Found an ancient bone altar of Kikubaaqudgha.
  4260 | D:5      | Noticed Grinder
  4306 | D:5      | Paralysed by Grinder for 4 turns
  4320 | D:5      | Killed Grinder
  4321 | D:5      | Reached skill level 9 in Stealth
  4405 | D:5      | Reached skill level 10 in Stealth
  4405 | D:5      | Reached skill level 5 in Unarmed Combat
  4405 | D:5      | Reached skill level 1 in Conjurations
  4405 | D:5      | Reached XP level 8. HP: 36/54 MP: 12/12
  4501 | D:5      | Found a staircase to the Ecumenical Temple.
  4508 | Temple   | Entered the Ecumenical Temple
  4830 | D:5      | Found a burning altar of Makhleb.
  4989 | D:5      | Reached * piety under Vehumet
  4989 | D:5      | Offered knowledge of Foxfire by Vehumet.
  4992 | D:5      | Learned a level 1 spell: Foxfire
  5048 | D:5      | Found a broken altar of Ashenzari.
  5427 | D:6      | Reached skill level 1 in Evocations
  5430 | D:6      | HP: 1/52 [wight/+3 mace (14)]
  5430 | D:6      | Mangled by a wight

Illustrated notes

Levels and vault maps discovered:
D:1:      minmay_arrival_shoal_huts, layout_basic, serial_shops,
          nicolae_shop_behind_doors, shop, minmay_misc_feat_four_crosses,
          minmay_cupped
D:2:      layout_loops_ring
D:3:      layout_loops_cross, mainiacjoe_overflow_small_starburst,
          nicolae_vehumet_radiance, dilly_ecumenical_altar_fadedgnrine,
          serial_shops, nicolae_shop_tiny_glass, serial_glass, glass_columns_a,
          glass_columns_a, small_statue_intersection, minmay_tree_intersection,
          uniq_crazy_yiuf_cottage
D:4:      layout_basic, mainiacjoe_overflow_catwalk, nicolae_ossuary_entry_ruins
D:5:      layout_rooms, mainiacjoe_overflow_catch_the_wave, marbit_many_paths,
          minmay_temple_entry_metal_lava, uniq_grinder
D:6:      layout_loops_corners, nicolae_wu_jian_wuxing_cycle, serial_demonic,
          serial_demonic_b, serial_demonic_e, serial_demonic_b,
          serial_demonic_a, serial_demonic_d, serial_demonic_d, uniq_duvessa
Temple:   eino_wide_crystal_templ

Skill      XL: |  1  2  3  4  5  6  7  8 |
---------------+-------------------------+-----
Stealth        | 7 8 10 | 10.0
Dodging        | 3 |  3.0
Unarmed Combat | 3 4 5 |  5.0
Spellcasting   | 1 2 3 |  3.0
Conjurations   | 1 4 |  4.0
Evocations     | 1 |  1.5
Fighting       | |  3.7

Action                     |  1- 3 |  4- 6 |  7- 9 || total
---------------------------+-------+-------+-------++-------
  Melee: Unarmed           |    84 |    59 |    36 ||   179
         Tentacles         |    15 |    11 |    11 ||    37
         Constrict         |    18 |    13 |     8 ||    39
         Punch             |     2 |     1 |     3 ||     6
   Fire: Arbalest          |       |    48 |    58 ||   106
  Throw: Boomerang         |     1 |       |       ||     1
   Cast: Foxfire           |       |       |     5 ||     5
    Use: Scroll            |     2 |     3 |     6 ||    11
   Stab: Sleeping          |    18 |     7 |       ||    25
 Armour: Skin              |    27 |    25 |    42 ||    94
  Dodge: Dodged            |    39 |    58 |    41 ||   138
